 Dungeon Crawl Stone Soup version 0.28.0-53-g5a82cb258f (webtiles) character file.

Game seed: 3815580485398539350

1786 nickcage the Slicer (level 8, -4/40 HPs)
             Began as a Spriggan Venom Mage on May 24, 2022.
             Was an Initiate of Vehumet.
             Killed from afar by a white imp (9 damage)
             ... with a puff of frost
             ... on level 7 of the Dungeon.
             The game lasted 00:30:32 (8951 turns).

nickcage the Slicer (Spriggan Venom Mage)           Turns: 8951, Time: 00:30:32

Health: -4/40      AC:  5    Str:  4    XL:     8   Next: 82%
Magic:  7/15       EV: 17    Int: 18    God:    Vehumet [......]
Gold:   281        SH:  0    Dex: 16    Spells: 5/15 levels left

rFire   . . .      SeeInvis +   c - +1 dagger
rCold   . . .      Faith    .   (no shield)
rNeg    . . .      Spirit   .   m - +1 robe of Evolution {rCorr}
rPois   .          Reflect  .   e - +2 hat
rElec   .          Harm     .   (no cloak)
rCorr   +          Rampage  .   (gloves unavailable)
Will    +....                   (boots unavailable)
Stlth   ++++......              (no amulet)
HPRegen 0.13/turn               (no ring)
MPRegen 0.14/turn               (no ring)

@: very slightly contaminated, very quick
A: very small, no large weapons, unfitting armour, see invisible, speed 3
a: Renounce Religion


You were on level 7 of the Dungeon.
You worshipped Vehumet.
Vehumet was noncommittal.
You visited 2 branches of the dungeon, and saw 8 of its levels.

You collected 281 gold pieces.

Inventory:

Hand Weapons
 c - a +1 dagger (weapon)
Armour
 a - a +0 robe
 e - a +2 hat (worn)
 m - the +1 robe of Evolution (worn) {rCorr}
   (You found it on level 2 of the Dungeon)

   rCorr:     It protects you from acid and corrosion.
Wands
 b - a wand of paralysis (11)
 f - a wand of iceblast (7)
Scrolls
 h - 2 scrolls of fog
 j - 4 scrolls of noise
 k - a scroll of magic mapping
 l - a scroll of blinking {unknown}
 p - a scroll of torment {unknown}
Potions
 d - 2 potions of resistance
 g - 2 potions of mutation
 i - 3 potions of degeneration
 n - a potion of might
 o - 2 potions of flight {unknown}
 r - 3 potions of heal wounds
 s - 3 potions of curing
 t - a potion of brilliance {unknown}


   Skills:
 - Level 3.0 Fighting
 * Level 8.2 Short Blades
 - Level 2.6 Dodging
 - Level 8.0 Stealth
 - Level 4.0 Spellcasting
 - Level 1.3 Transmutations
 - Level 1.1 Air Magic
 + Level 5.7 Poison Magic


You had 5 spell levels left.
You knew the following spells:

 Your Spells              Type           Power      Damage    Failure   Level
a - Sting                 Tmut/Pois      64%        1d6       3%          1
b - Poisonous Vapours     Pois/Air       32%        N/A       5%          2
c - Mephitic Cloud        Conj/Pois/Air  11%        N/A       17%         3
d - Olgreb's Toxic Radia  Pois           24%        N/A       14%         4

Your spell library contained the following spells:

 Spells                   Type           Power      Damage    Failure   Level
 Sublimation of Blood     Necr           3%         N/A       22%         2
 Petrify                  Tmut/Erth      6%         N/A       73%         4
 Irradiate                Conj/Tmut      3%         3d15      97%         5


Dungeon Overview and Level Annotations

Branches:
Dungeon (7/15)             Temple (1/1) D:6

Altars:
Ashenzari
Cheibriados
Elyvilon
Fedhas
Gozag
Hepliaklqana
Kikubaaqudgha
Makhleb
Nemelex Xobeh
Okawaru
Qazlal
Ru
Sif Muna
Trog
Uskayaw
Vehumet
Wu Jian
Xom
The Shining One

Annotations:
D:3 1 runed translucent door, Shubert's ghost, amateur MfGl
D:5 Menkaure
D:6 2 transporters


Innate Abilities, Weirdness & Mutations

You are very small and have problems with some larger weapons.
You are too small for most types of armour.
You have supernaturally acute eyesight. (SInv)
You cover ground extremely quickly. (Speed+++)


Message History

The white imp barely misses you.
You barely miss the white imp.
The white imp is heavily wounded.
The white imp barely misses you.
You completely miss the white imp.
The white imp is heavily wounded.
The white imp gestures at you. The puff of frost misses you.
You can't see any susceptible monsters within range! (Use Z to cast anyway.)
The sting hits the white imp.
The white imp partially resists.
The white imp is severely wounded.
The white imp misses you.
You hit the white imp but do no damage.
The white imp is severely wounded.
The white imp gestures at you. The puff of frost hits you.
You closely miss the white imp.
The white imp is severely wounded.
The white imp hits you but does no damage.
You miscast Sting.
You are very lightly contaminated with residual magic.
Nothing appears to happen.
The white imp gestures at you. The puff of frost hits you.
The white imp closely misses you.
You are too injured to fight recklessly!
Aiming: Sting (safe; 3% risk of failure)
Press: ? - help, Q - select action, (/) - cycle Shift-Dir - straight line, f/p - white imp
Aim: a white imp (severely wounded, very poisoned, 74% to hit)
The sting misses the white imp.
The white imp gestures at you. The puff of frost hits you!
* * * LOW HITPOINT WARNING * * *
The white imp gestures at you. The puff of frost hits you!
* * * LOW HITPOINT WARNING * * *
You kill the white imp!
Vehumet accepts your kill. The white imp gestures at you.
The puff of frost hits you!
You die...

#.................
#........K........
#............<.... ##
#................. ..
#..............o..
#.###.................
#........5............
..####..................
....
.......@................
....
..####..................
... #..#....†...!^.......
#.. ...#.................
#.. ###.##.................
#.. .......................
#..####.###................
#..<.....................
###.......#.............


You could see a white imp.

Vanquished Creatures
  An ice beast (D:5)
  A black bear (D:6)
  2 ogres
  3 centaurs
  A phantom (D:6)
  2 bullfrogs
  A scorpion (D:4)
  2 water moccasin zombies (D:5)
  A centaur zombie (D:6)
  A bullfrog zombie (D:5)
  8 hounds
  2 orc priests (D:3)
  A bullfrog skeleton (D:4)
  2 orc wizards
  5 iguanas
  Terence (D:3)
  A howler monkey zombie (D:6)
  A howler monkey skeleton (D:6)
  6 adders
  3 gnolls (D:2)
  A white imp (D:7)
  2 ufetubi (D:6)
  An adder skeleton (D:4)
  2 worms
  2 dart slugs
  13 orcs
  13 ball pythons
  5 bats
  6 endoplasms
  3 giant cockroaches
  8 goblins
  5 hobgoblins
  6 jackals
  8 kobolds
  6 quokkas
  4 frilled lizards
  7 rats
137 creatures vanquished.

Notes
Turn   | Place    | Note
-------+----------+-------------------------------------------
     0 | D:1      | nickcage the Spriggan Venom Mage began the quest for the
                  | Orb.
     0 | D:1      | Reached XP level 1. HP: 9/9 MP: 5/5
   262 | D:1      | Reached XP level 2. HP: 13/13 MP: 4/6
   265 | D:1      | Learned a level 2 spell: Poisonous Vapours
  1148 | D:1      | Found a faded altar of an unknown god.
  1174 | D:2      | Reached XP level 3. HP: 16/16 MP: 1/8
  1178 | D:2      | Learned a level 3 spell: Mephitic Cloud
  1742 | D:2      | Found a white marble altar of Elyvilon.
  1809 | D:2      | Reached XP level 4. HP: 15/21 MP: 0/9
  2115 | D:2      | Identified the +1 robe of Evolution {rCorr}
  2434 | D:3      | Reached skill level 5 in Poison Magic
  2485 | D:3      | Found a sparkling altar of Nemelex Xobeh.
  2711 | D:3      | Reached XP level 5. HP: 24/24 MP: 5/12
  2810 | D:3      | Reached skill level 1 in Short Blades
  2940 | D:3      | Found a runed translucent door.
  2940 | D:3      | Noticed Shubert's ghost (amateur MfGl)
  3194 | D:3      | Noticed Terence
  3211 | D:3      | Killed Terence
  3212 | D:3      | Reached skill level 1 in Fighting
  3511 | D:4      | Reached XP level 6. HP: 26/30 MP: 2/13
  4508 | D:4      | Found a broken altar of Ashenzari.
  4801 | D:4      | Reached XP level 7. HP: 35/35 MP: 7/14
  4946 | D:4      | Learned a level 4 spell: Olgreb's Toxic Radiance
  5004 | D:4      | Reached skill level 5 in Stealth
  5188 | D:4      | Found a snail-covered altar of Cheibriados.
  5578 | D:5      | Entered Level 5 of the Dungeon
  5582 | D:5      | Found a sacrificial altar of Ru.
  5602 | D:5      | Reached skill level 5 in Short Blades
  6219 | D:5      | Reached skill level 1 in Air Magic
  6684 | D:5      | Noticed Menkaure
  6974 | D:5      | Reached XP level 8. HP: 14/39 MP: 15/15
  7877 | D:6      | Found a transporter.
  8369 | D:6      | Found a transporter.
  8566 | D:6      | Found a staircase to the Ecumenical Temple.
  8576 | Temple   | Entered the Ecumenical Temple
  8594 | Temple   | Became a worshipper of Vehumet
  8951 | D:7      | Killed from afar by a white imp

Illustrated notes

Levels and vault maps discovered:
D:1:      nicolae_arrival_washed_ashore, layout_basic,
          shapermc_ecumenical_altar_mp_urbaneastern, chequers_decorated_corner
D:2:      layout_basic, basic_altar, minmay_split_cup_small
D:3:      layout_loops_ring, nemelex_xobeh_ov_fountains_minmay,
          gammafunk_ghost_grave, uniq_terence
D:4:      layout_loops_ring, lemuel_tele_altar, lemuel_coloured_pillars_altar,
          minmay_mini_jars
D:5:      layout_loops_ring, nicolae_overflow_crystal_walls, uniq_menkaure
D:6:      gammafunk_cloud_chamber, layout_basic, temple_hall,
          hangedman_abyss_or_decor_passed, kennysheep_diamond,
          kennysheep_crisscross
D:7:      layout_basic, lemuel_mausoleum_altar_yredelemnul,
          amcnicky_mini_rare_corridor_liquid, uniq_harold
Temple:   minmay_freezing_vapour_temple

Skill      XL: |  1  2  3  4  5  6  7  8 |
---------------+-------------------------+-----
Poison Magic   | 4 5 |  5.7
Spellcasting   | 3 4 |  4.0
Short Blades   | 2 4 6 8 |  8.2
Fighting       | 1 2 3 |  3.0
Stealth        | 4 7 8 |  8.0
Air Magic      | 1 |  1.1
Dodging        | |  2.6
Transmutations | |  1.3

Action                   |  1- 3 |  4- 6 |  7- 9 || total
-------------------------+-------+-------+-------++-------
Melee: Dagger            |    20 |    38 |   131 ||   189
       Punch             |       |       |     1 ||     1
 Cast: Sting             |    65 |   158 |   181 ||   404
       Poisonous Vapours |     2 |     1 |     7 ||    10
  Use: Scroll            |       |     5 |    10 ||    15
 Stab: Sleeping          |       |       |     5 ||     5
Armor: Robe              |     3 |    16 |    49 ||    68
Dodge: Dodged            |    32 |    79 |   251 ||   362
